 Dungeon Sprint DCSS version 0.30-a0-269-gf0224bf7b6 (webtiles) character file.

Game seed: 5191357379271081211

380 Hubris850 the Destroyer (level 6, -1/37 HPs)
             Began as a Tengu Fire Elementalist on Oct 14, 2022.
             Was a Priest of Makhleb.
             Slain by a gnoll
             ... wielding a +0 whip
             ... led by a gnoll sergeant
              (5 damage)
             ... in the Dungeon (Sprint VII: "The Pits").
             The game lasted 00:04:19 (346 turns).

Hubris850 the Destroyer (Tengu Fire Elementalist)    Turns: 346, Time: 00:04:20

Health: -1/37      AC:  2    Str:  8    XL:     6   Next: 75%
Magic:  4/17       EV: 16    Int: 18    God:    Makhleb [***...]
Gold:   0          SH:  0    Dex: 14    Spells: 7/20 levels left

rFire   . . .      SeeInvis .    d - +1 long sword (holy)
rCold   . . .      Faith    .    (no shield)
rNeg    . . .      Spirit   .    a - +0 robe
rPois   .          Reflect  .    (helmet restricted)
rElec   .          Harm     .    (no cloak)
rCorr   .          Rampage  .    (no gloves)
Will    .....      NoTele   +    (boots unavailable)
Stlth   ++........               (no amulet)
HPRegen 0.26/turn                (no ring)
MPRegen 0.15/turn                (no ring)

@: flying quickly and evasively, quick
A: beak, talons 3, nimble flight
a: Renounce Religion, Minor Destruction, Lesser Servant of Makhleb


You were in the Dungeon.
You worshipped Makhleb.
Makhleb was most pleased with you.
You visited 1 branch

Inventory:

Hand Weapons
 d - a +1 long sword of holy wrath (weapon)
 h - a +2 falchion
Armour
 a - a +0 robe (worn)
Scrolls
 g - a scroll of blinking
 j - 5 scrolls of amnesia
 k - a scroll of summoning
Potions
 b - 5 potions of magic
 c - 6 potions of curing
 e - a potion of haste
 f - 3 potions of berserk rage
 i - 2 potions of invisibility
 l - 5 potions of heal wounds


   Skills:
 - Level 3.0 Fighting
 - Level 4.0 Dodging
 - Level 2.0 Stealth
 + Level 7.5 Spellcasting
 + Level 9.0 Conjurations
 - Level 6.0 Fire Magic
 - Level 6.0 Invocations


You had 7 spell levels left.
You knew the following spells:

 Your Spells              Type           Power      Damage    Failure   Level
a - Foxfire               Conj/Fire      100%       2x1d9     1%          1
b - Scorch                Fire           56%        2d8       1%          2
c - Kindle Blastsparks    Fire/Tloc/Air  26%        2d12      14%         3
d - Flame Wave            Conj/Fire      33%        2d10      4%          4
e - Inner Flame           Hex/Fire       17%        N/A       9%          3

Your spell library contained the following spells:

 Spells                   Type           Power      Damage    Failure   Level


Dungeon Overview and Level Annotations

Branches:
Dungeon (1/1)

Altars:
Ashenzari
Cheibriados
Dithmenos
Elyvilon
Fedhas
Gozag
Hepliaklqana
Kikubaaqudgha
Makhleb
Nemelex Xobeh
Okawaru
Qazlal
Ru
Sif Muna
Trog
Uskayaw
Vehumet
Wu Jian
Xom
Yredelemnul
Zin
The Shining One
Jiyva
Lugonu


Innate Abilities, Weirdness & Mutations

You have a beak for a mouth.
You have claws for feet.
Your magical nature lets you fly swiftly and evasively.


Message History

You conjure some foxfire!
Casting: Foxfire (safe; 1% risk of failure)
Confirm with . or Enter, or press ? or * to list all spells.
Okay, then.
The foxfire hits the gnoll sergeant but does no damage. x2
Casting: Foxfire (safe; 1% risk of failure)
Confirm with . or Enter, or press ? or * to list all spells.
Okay, then.
There is an open door to the Storerooms (Easy) here.
Things that are here:
a +0 whip; 5 stones; a kobold skeleton The gnoll sergeant barely misses you.
You hit the gnoll sergeant but do no damage.
You claw the gnoll sergeant, but do no damage.
You punch the gnoll sergeant.
The gnoll sergeant is lightly wounded.
The gnoll hits you from afar with a +0 spear.
The gnoll sergeant misses you. The gnoll barely misses you.
Casting: Foxfire (safe; 1% risk of failure)
Confirm with . or Enter, or press ? or * to list all spells.
The spell is quite dangerous to miscast (4% risk of failure)!
Continue anyway?
Casting: Flame Wave (quite dangerous; 4% risk of failure)
Press: ? - help, Dir - look around, f - activate A wave of flame ripples out!
The flame wave engulfs the gnoll sergeant.
The gnoll sergeant is moderately wounded. (Press . to intensify the flame waves.)
The gnoll hits you from afar with a +0 spear.
The gnoll sergeant closely misses you.
A wave of flame ripples out!
The flame wave engulfs the gnoll!
The gnoll is severely wounded.
The flame wave engulfs the gnoll sergeant.
The gnoll sergeant is heavily wounded.
The flame wave engulfs the gnoll!
The gnoll is heavily wounded.
The gnoll hits you from afar with a +0 spear.
The gnoll sergeant hits you with a +0 spear!
* * * LOW HITPOINT WARNING * * *
The gnoll hits you with a +0 whip.
You die...

######### _______.#
_______.#
_____...###########++#####
#######'##................
(.')))'.##......#..#......
#######.##......g.........
.........)...ggg@.........
####)#####......#..#......
..#...'.##................
..#...#.#####'#####++#####
..#####.##.......#
..'†..#.##.......#
..')..'.##.......#
..########...<...#
..'[))).##.......#


You could see a gnoll sergeant and 3 gnolls.

Vanquished Creatures
  3 floating eyes (D)
  A phantom (D)
  An orc (D)
  An endoplasm (D)
  2 kobolds (D)
  2 quokkas (D)
  A ball python zombie (D)
11 creatures vanquished.

Vanquished Creatures (others)
  9 foxfires (D)
9 creatures vanquished.

Grand Total: 20 creatures vanquished

Notes
Turn   | Place    | Note
-------+----------+-------------------------------------------
     0 | D        | Hubris850 the Tengu Fire Elementalist began the quest for
                  | the Orb.
     0 | D        | Reached XP level 1. HP: 10/10 MP: 4/4
    38 | D        | Found a glowing golden altar of the Shining One.
    38 | D        | Found a glowing silver altar of Zin.
    38 | D        | Found a basalt altar of Yredelemnul.
    38 | D        | Found a shimmering altar of Xom.
    38 | D        | Found an ornate altar of the Wu Jian Council.
    38 | D        | Found a bloodstained altar of Trog.
    38 | D        | Found a shimmering blue altar of Sif Muna.
    38 | D        | Found a sacrificial altar of Ru.
    38 | D        | Found a stormy altar of Qazlal.
    38 | D        | Found an iron altar of Okawaru.
    38 | D        | Found a sparkling altar of Nemelex Xobeh.
    38 | D        | Found a burning altar of Makhleb.
    38 | D        | Found a viscous altar of Jiyva.
    38 | D        | Found a hazy altar of Hepliaklqana.
    38 | D        | Found an opulent altar of Gozag.
    38 | D        | Found a blossoming altar of Fedhas.
    38 | D        | Found a white marble altar of Elyvilon.
    38 | D        | Found a shadowy altar of Dithmenos.
    38 | D        | Found a snail-covered altar of Cheibriados.
    39 | D        | Found a radiant altar of Vehumet.
    39 | D        | Found a corrupted altar of Lugonu.
    40 | D        | Found a hide-covered altar of Uskayaw.
    40 | D        | Found an ancient bone altar of Kikubaaqudgha.
    40 | D        | Found a broken altar of Ashenzari.
    46 | D        | Became a worshipper of Makhleb the Destroyer
    58 | D        | Noticed a floating eye
    59 | D        | Paralysed by a floating eye for 4 turns
    66 | D        | Reached skill level 2 in Conjurations
    68 | D        | Paralysed by a floating eye for 4 turns
    72 | D        | Killed a floating eye
    73 | D        | Reached skill level 4 in Conjurations
    73 | D        | Reached skill level 5 in Fire Magic
    73 | D        | Reached XP level 2. HP: 18/19 MP: 4/8
    73 | D        | Reached XP level 3. HP: 22/23 MP: 5/10
    73 | D        | Reached XP level 4. HP: 27/28 MP: 5/11
   126 | D        | Learned a level 2 spell: Scorch
   130 | D        | Learned a level 3 spell: Kindle Blastsparks
   135 | D        | Learned a level 4 spell: Flame Wave
   143 | D        | Noticed a floating eye
   144 | D        | Noticed a floating eye
   145 | D        | Killed a floating eye
   145 | D        | Reached * piety under Makhleb
   146 | D        | Reached skill level 5 in Spellcasting
   146 | D        | Reached skill level 6 in Conjurations
   146 | D        | Gained mutation: Your magical nature lets you fly swiftly
                  | and evasively. [Tengu growth]
   146 | D        | Reached XP level 5. HP: 32/32 MP: 9/14
   147 | D        | Paralysed by a floating eye for 4 turns
   153 | D        | Killed a floating eye
   154 | D        | Reached skill level 8 in Conjurations
   154 | D        | Reached skill level 5 in Invocations
   154 | D        | Reached XP level 6. HP: 37/37 MP: 10/16
   201 | D        | Reached ** piety under Makhleb
   295 | D        | Learned a level 3 spell: Inner Flame
   307 | D        | Reached skill level 9 in Conjurations
   316 | D        | Reached *** piety under Makhleb
   346 | D        | Slain by a gnoll

Illustrated notes

Levels and vault maps discovered:
D:        pitsprint [storerooms_1, entrance_room_1, metal_vault_8, armoury_2,
          mini_pit_1, grid_room_1, main_hall_1, silver_pit, the_coven_3,
          the_vestibule_1, steel_vault_2, golden_pit, hallway_of_sentries,
          crystal_vault_5, iron_vault_2, final_vault]

Skill      XL: |  1  2  3  4  5  6 |
---------------+-------------------+-----
Conjurations   | 4 6 8 9 |  9.0
Fighting       | 3 |  3.0
Dodging        | 4 |  4.0
Spellcasting   | 4 5 6 7 |  7.5
Fire Magic     | 5 6 |  6.0
Invocations    | 2 4 5 6 |  6.0
Stealth        | |  2.0

Action                   |  1- 3 |  4- 6 || total
-------------------------+-------+-------++-------
Melee: Falchion          |     7 |     6 ||    13
       Kick              |     4 |     5 ||     9
       Long sword        |       |     5 ||     5
       Punch             |       |     1 ||     1
 Cast: Foxfire           |     2 |     4 ||     6
       Kindle Blastspark |       |     4 ||     4
       Scorch            |       |     3 ||     3
       Inner Flame       |       |     1 ||     1
       Flame Wave        |       |     1 ||     1
  Use: Potion            |     1 |       ||     1
 Stab: Sleeping          |       |     1 ||     1
Armor: Robe              |     1 |     1 ||     2
Dodge: Dodged            |     2 |    18 ||    20

Table legend: (Time is in decaauts)
 A = Elapsed time spent in this place.
 B = Non-inter-level travel time spent in this place.
 C = Inter-level travel time spent in this place.
 D = Time resting spent in this place.
 E = Time spent auto-exploring this place.
 F = Levels seen in this place.
 G = Mean time per level.
                   A        B        C        D        E       F      G
               +--------+--------+--------+--------+--------+-----+--------+
         Total |    342 |    342 |      0 |    116 |      0 |   1 |  342.0 |
       Dungeon |    342 |    342 |      0 |    116 |      0 |   1 |  342.0 |
               +--------+--------+--------+--------+--------+-----+--------+

Top non-repeatable levels by time:
       D: 342 daAuts
